[Event "Titled Tuesday Blitz December 13 Early 2022"]
[White "Nakamura, Hikaru"]
[Black "Matveeva, Olga"]
[WhiteFideId "2016192"]
[BlackFideId "24107018"]
[WhiteElo "2909"]
[BlackElo "2056"]
[Result "1-0"]
[Round "03"]
[TimeControl "180+1"]
[Date "2022.12.14"]
[WhiteClock "0:02:44"]
[BlackClock "0:01:36"]

1. e4 e6 2. Nc3 d5 3. d4 Nf6 4. Bg5 Bb4 5. e5 h6 6. Bd2 Bxc3 7. bxc3 Ne4 8. Qg4 Kf8 9. Bd3 Nxd2 10. Kxd2 c5 11. h4 c4 12. Be2 Bd7 13. Rh3 b5 14. Rg3 Rg8 15. Nh3 a5 16. Nf4 b4 17. Rf3 Ke8 18. Nh5 bxc3+ 19. Ke3 Qe7 20. Nf6+ gxf6 21. Qxg8+ Qf8 22. Qxf8+ Kxf8 23. Rxf6 Kg7 24. Rb1 Nc6 25. Rb7 Rd8 26. Bh5 Be8 27. Bxf7 1-0


[Site "https://www.chess.com"]

[Event "Titled Tuesday Blitz December 13 Early 2022"]
[White "Navara, David"]
[Black "Oganian, Miran"]
[WhiteFideId "309095"]
[BlackFideId "4122488"]
[WhiteElo "2676"]
[BlackElo "2323"]
[Result "1-0"]
[Round "03"]
[TimeControl "180+1"]
[Date "2022.12.13"]
[WhiteClock "0:00:10"]
[BlackClock "0:00:13"]

1. d4 e6 2. e4 d5 3. Nc3 Bb4 4. e5 c5 5. Bd2 Ne7 6. a3 Ba5 7. Nb5 Bxd2+ 8. Qxd2 O-O 9. f4 Nbc6 10. Nf3 a6 11. Nd6 Nxd4 12. Nxd4 cxd4 13. Bd3 Nc6 14. O-O f5 15. b4 Qc7 16. Kh1 Bd7 17. g4 Ne7 18. Rg1 Nc8 19. gxf5 exf5 20. Nxc8 Raxc8 21. Qf2 Bb5 22. Qxd4 Bxd3 23. cxd3 Kh8 24. Ra2 Qc3 25. Qxd5 Rc7 26. Rag2 g6 27. Qd6 Rff7 28. e6 Rg7 29. d4 h6 30. Qe5 Kh7 31. d5 Qxe5 32. fxe5 Rc3 33. d6 Re3 34. d7 Rg8 35. e7 f4 36. d8=Q f3 37. e8=Q Re1 38. Rxg6 Rxg1+ 39. Kxg1 Rg7 40. Kf2 Rxg6 41. Qxg6+ Kxg6 42. Qf6+ Kh5 43. Qf7+ Kg4 44. e6 Kh3 45. e7 h5 46. e8=Q h4 47. Qf5+ Kxh2 48. Qf4+ Kh1 49. Qxf3+ Kh2 50. Qg2# 1-0


[Site "https://www.chess.com"]

[Event "Titled Tuesday Blitz December 13 Early 2022"]
[White "Nissinen, Niilo Man"]
[Black "Chernov, Mikhail"]
[WhiteFideId "30950767"]
[BlackFideId "24143170"]
[WhiteElo "1896"]
[BlackElo "2113"]
[Result "0-1"]
[Round "03"]
[TimeControl "180+1"]
[Date "2022.12.14"]
[WhiteClock "0:00:13"]
[BlackClock "0:00:27"]

1. e4 c5 2. Nf3 Nc6 3. d4 cxd4 4. Nxd4 Nf6 5. Nc3 d6 6. Qd3 g6 7. Bg5 Bg7 8. O-O-O O-O 9. Nxc6 bxc6 10. e5 Qa5 11. Bxf6 exf6 12. exd6 Bd7 13. Qa6 Qg5+ 14. Kb1 Rfb8 15. Ne4 Qe5 16. c3 Qxe4+ 17. Bd3 Qxg2 18. Rhe1 f5 19. Re7 Bxc3 20. b3 Qxf2 21. Bc2 Be6 22. Rxe6 fxe6 23. Qc4 Qe3 24. Rd3 Qe1+ 25. Rd1 Qe5 26. Qxc6 Rd8 27. d7 Ba1 0-1


[Site "https://www.chess.com"]

[Event "Titled Tuesday Blitz December 13 Early 2022"]
[White "Ohanyan, Emin"]
[Black "Petrovic, Aleksa"]
[WhiteFideId "13312022"]
[BlackFideId "967629"]
[WhiteElo "2845"]
[BlackElo "2506"]
[Result "1-0"]
[Round "03"]
[TimeControl "180+1"]
[Date "2022.12.14"]
[WhiteClock "0:00:03"]
[BlackClock "0:00:01"]

1. e4 e5 2. Nc3 Nf6 3. Bc4 Nxe4 4. Qh5 Nd6 5. Qxe5+ Qe7 6. Qxe7+ Bxe7 7. Bb3 c6 8. d4 Nf5 9. d5 Na6 10. Nge2 Nc5 11. Bf4 a5 12. O-O-O a4 13. Bc4 b5 14. Bd3 Nxd3+ 15. Rxd3 b4 16. Ne4 Ba6 17. Rd2 cxd5 18. Rxd5 Bxe2 19. Rxf5 O-O 20. Rd5 b3 21. Rxd7 Rfd8 22. Rxd8+ Rxd8 23. axb3 axb3 24. cxb3 Bd3 25. Re1 Bb4 26. Nc3 f6 27. Bd2 Kf7 28. Nb1 Bc5 29. Be3 Bb4 30. Bd2 Bc5 31. Be3 Bb4 32. Nc3 Ra8 33. Kd2 Be4 34. f3 Rd8+ 35. Ke2 Bd3+ 36. Kf2 Bc2 37. Rc1 Bxb3 38. Ne4 Be7 39. Rc7 Ke6 40. Bc5 Re8 41. Bxe7 Bd5 42. Nc5+ Kf5 43. Bd6 Rb8 44. b3 Bxb3 45. Rxg7 1-0


[Site "https://www.chess.com"]

[Event "Titled Tuesday Blitz December 13 Early 2022"]
[White "Osmak, Yuliia"]
[Black "Ardila, Oscar Humberto"]
[WhiteFideId "14101602"]
[BlackFideId "4404742"]
[WhiteElo "2328"]
[BlackElo "1961"]
[Result "1-0"]
[Round "03"]
[TimeControl "180+1"]
[Date "2022.12.14"]
[WhiteClock "0:00:51"]
[BlackClock "0:00:28"]

1. e4 e5 2. Nf3 Nf6 3. Nc3 Nc6 4. Bb5 Bb4 5. O-O O-O 6. d3 d6 7. Ne2 Nh5 8. c3 Bc5 9. d4 exd4 10. cxd4 Bb6 11. h3 a6 12. Ba4 Bd7 13. Be3 Re8 14. Nc3 Nf6 15. Bc2 h6 16. a3 Qe7 17. Qd3 Nh5 18. Nd5 Qd8 19. e5 g6 20. Nxb6 cxb6 21. Bxh6 Bf5 22. Qd2 Bxc2 23. Qxc2 dxe5 24. dxe5 Nxe5 25. Nxe5 Rxe5 26. Rad1 Qe8 27. Be3 Rxe3 28. fxe3 Qxe3+ 29. Qf2 Qxf2+ 30. Rxf2 Re8 31. Rd7 Re1+ 32. Kh2 f5 33. Rxb7 f4 34. Rxb6 Kg7 35. Rxa6 g5 36. Rc2 Re7 37. Rcc6 Kf7 38. Rh6 Ng3 39. Rh7+ Ke8 40. Ra8+ Kd7 41. Ra7+ Kd6 42. Rhxe7 1-0


[Site "https://www.chess.com"]

[Event "Titled Tuesday Blitz December 13 Early 2022"]
[White "Ovchinnikov, Vsevolod"]
[Black "Zaksaite, Salomeja"]
[WhiteFideId "24176842"]
[BlackFideId "12801496"]
[WhiteElo "2376"]
[BlackElo "2079"]
[Result "1-0"]
[Round "03"]
[TimeControl "180+1"]
[Date "2022.12.14"]
[WhiteClock "0:00:18"]
[BlackClock "0:00:09"]

1. d4 Nf6 2. c4 g6 3. Nc3 d5 4. Nf3 Bg7 5. h4 c5 6. dxc5 Qa5 7. cxd5 O-O 8. Bd2 Qxc5 9. e4 Ng4 10. Qe2 b6 11. Nh2 Nxh2 12. Rxh2 Ba6 13. Qe3 Qd6 14. g3 Bxf1 15. Kxf1 Nd7 16. f4 e6 17. e5 Nxe5 18. fxe5 Bxe5 19. Re2 Bxg3 20. Ne4 Qxd5 21. Nf6+ 1-0


[Site "https://www.chess.com"]

[Event "Titled Tuesday Blitz December 13 Early 2022"]
[White "Pajeken, Jakob Leon"]
[Black "Osiecki, Stanislaw"]
[WhiteFideId "12942839"]
[BlackFideId "1102990"]
[WhiteElo "2414"]
[BlackElo "2088"]
[Result "1-0"]
[Round "03"]
[TimeControl "180+1"]
[Date "2022.12.14"]
[WhiteClock "0:00:05"]
[BlackClock "0:00:01"]

1. d4 Nf6 2. Nf3 g6 3. g3 Bg7 4. Bg2 d6 5. O-O O-O 6. b3 Nbd7 7. Bb2 e5 8. dxe5 Ng4 9. c4 Ngxe5 10. Nc3 a5 11. Qd2 Nxf3+ 12. exf3 Nc5 13. f4 Bg4 14. Ne4 Nxe4 15. Bxe4 Bxb2 16. Qxb2 c6 17. Bg2 Qd7 18. Rfe1 a4 19. Re3 a3 20. Qd2 Rfd8 21. Rae1 Be6 22. Rd3 d5 23. cxd5 cxd5 24. Rd1 Qc6 25. Bxd5 Bxd5 26. Rxd5 Rxd5 27. Qxd5 Qc2 28. Rd2 Qb1+ 29. Kg2 Re8 30. Qc5 Qe4+ 31. f3 Qb1 32. Qxa3 Qe1 33. Qb2 h5 34. h4 Kh7 35. Rf2 Rc8 36. Qd2 Qa1 37. Rf1 Qf6 38. Rc1 Rd8 39. Qf2 Qd6 40. Re1 Qb4 41. Re4 Qa5 42. Re7 Rd2 43. Re2 Rd1 44. Rc2 b5 45. Qe2 Ra1 46. Qd2 Qa3 47. Qd7 Qf8 48. Qxb5 Re1 49. Re2 Rd1 50. Qe8 Qc5 51. Qxf7+ Kh6 52. Rf2 Qc1 53. Qf8+ Kh7 54. Qf7+ Kh6 55. Qc4 1-0


[Site "https://www.chess.com"]

[Event "Titled Tuesday Blitz December 13 Early 2022"]
[White "Pakleza, Zbigniew"]
[Black "Przybylski, Wojciech"]
[WhiteFideId "1119290"]
[BlackFideId "1117599"]
[WhiteElo "2828"]
[BlackElo "2395"]
[Result "1-0"]
[Round "03"]
[TimeControl "180+1"]
[Date "2022.12.14"]
[WhiteClock "0:00:06"]
[BlackClock "0:00:02"]

1. d4 Nf6 2. Nf3 e6 3. Bf4 Be7 4. e3 O-O 5. h3 b6 6. Bd3 Bb7 7. O-O c5 8. c3 Nc6 9. a3 Rc8 10. Nbd2 Re8 11. Qe2 d5 12. Ne5 Nxe5 13. dxe5 Nd7 14. e4 Bf8 15. exd5 exd5 16. Rfe1 g6 17. Qg4 Rc6 18. Nf3 Bc8 19. Qg3 Bg7 20. Rad1 a6 21. Bb1 Nf8 22. Bg5 Qd7 23. Ba2 c4 24. Qh4 Rce6 25. Bxc4 Bb7 26. Bxd5 Bxd5 27. c4 f6 28. Bc1 fxe5 29. cxd5 R6e7 30. Ng5 h6 31. Ne4 g5 32. Qg3 Rf7 33. Qb3 Kh7 34. Qxb6 Ng6 35. Qxa6 Ref8 36. Qc6 Qe7 37. d6 Qe6 38. Qd5 Qf5 39. d7 Rd8 40. Be3 Rfxd7 41. Qb3 Rxd1 42. Rxd1 Rxd1+ 43. Qxd1 Qxe4 44. b4 Nf4 45. Bxf4 gxf4 46. b5 Qb7 47. a4 e4 48. Qb3 Bd4 49. Qc4 Qb6 50. Qf7+ Kh8 51. Qf8+ Kh7 52. Qf7+ Kh8 53. Qf8+ Kh7 54. Qf5+ Kg7 55. Qxf4 e3 56. Qg4+ Kf6 57. Qf3+ Kg6 58. fxe3 Bxe3+ 59. Kf1 Bd4 60. Qc6+ Qxc6 61. bxc6 Bb6 62. Ke2 Kf5 63. Kd3 Ke5 64. Kc4 Kd6 65. Kb5 Be3 66. g4 Bf2 67. a5 Kc7 68. a6 Kd6 69. h4 Kc7 70. g5 hxg5 71. hxg5 Kb8 72. g6 Bd4 73. Kc4 Be5 74. Kd5 Bc3 75. Ke6 Kc7 76. a7 1-0


[Site "https://www.chess.com"]

[Event "Titled Tuesday Blitz December 13 Early 2022"]
[White "Paravyan, David"]
[Black "Tarlabasi, Emirhan"]
[WhiteFideId "4194985"]
[BlackFideId "6350275"]
[WhiteElo "3002"]
[BlackElo "2619"]
[Result "1-0"]
[Round "03"]
[TimeControl "180+1"]
[Date "2022.12.14"]
[WhiteClock "0:00:17"]
[BlackClock "0:00:10"]

1. e4 c5 2. Nf3 e6 3. d4 cxd4 4. Nxd4 Nf6 5. Nc3 Nc6 6. Nxc6 bxc6 7. e5 Nd5 8. Ne4 Qc7 9. f4 Qb6 10. a3 f5 11. exf6 Nxf6 12. Nxf6+ gxf6 13. Qh5+ Kd8 14. Be2 d5 15. Bd2 Bd6 16. Bc3 Be7 17. O-O-O Ba6 18. Bxa6 Qxa6 19. Rhe1 Kd7 20. Qf7 e5 21. fxe5 Raf8 22. Qh5 fxe5 23. Rxe5 Bf6 24. Qf5+ Kc7 25. Qe6 Bxe5 26. Bxe5+ Kb7 27. Bxh8 Rxh8 28. Qd7+ Ka8 29. Re1 Rf8 30. g3 Rf1 31. Qe8+ Kb7 32. Qe7+ Kb6 33. Kb1 h5 34. b3 Rxe1+ 35. Qxe1 Qxa3 36. Qe3+ Kb7 37. Qg5 Qb4 38. Qxh5 Qe1+ 39. Kb2 Qf2 40. Qh7+ Kb6 41. Qh8 a5 42. g4 a4 43. bxa4 Qf4 44. Qd8+ Kc5 45. Qa5+ Kd6 46. h3 Qd4+ 47. Qc3 Qxa4 48. Qa3+ 1-0


[Site "https://www.chess.com"]

[Event "Titled Tuesday Blitz December 13 Early 2022"]
[White "Pein, Jonathan"]
[Black "Dias, Joao Batista"]
[WhiteFideId "417092"]
[BlackFideId "2108240"]
[WhiteElo "2225"]
[BlackElo "1898"]
[Result "1-0"]
[Round "03"]
[TimeControl "180+1"]
[Date "2022.12.14"]
[WhiteClock "0:02:30"]
[BlackClock "0:02:25"]

1. e4 c5 2. Nf3 Nc6 3. d4 cxd4 4. Nxd4 g6 5. Nc3 Bg7 6. Be3 Nf6 7. Bc4 d6 8. Bb3 O-O 9. f3 Bd7 10. Qd2 Re8 11. O-O-O a6 12. g4 Nxd4 13. Bxd4 b5 14. h4 h6 15. g5 Nh5 16. gxh6 Bxd4 17. Qxd4 Rb8 18. Rhg1 Kh7 19. Bxf7 1-0


[Site "https://www.chess.com"]

[Event "Titled Tuesday Blitz December 13 Early 2022"]
[White "Perez Ponsa, Federico"]
[Black "Mihajlov, Sebastian"]
[WhiteFideId "117927"]
[BlackFideId "1512110"]
[WhiteElo "2846"]
[BlackElo "2579"]
[Result "0-1"]
[Round "03"]
[TimeControl "180+1"]
[Date "2022.12.14"]
[WhiteClock "0:02:01"]
[BlackClock "0:01:29"]

1. e4 e6 2. d4 d5 3. exd5 exd5 4. Nf3 Nf6 5. Bd3 Bd6 6. Qe2+ Be6 7. Ng5 Qe7 8. Nxe6 fxe6 9. O-O O-O 10. c4 Nc6 11. Be3 dxc4 12. Bxc4 Kh8 13. Nc3 Rae8 14. h3 a6 15. Rad1 e5 16. d5 Nd8 17. Rfe1 Nf7 18. a3 e4 19. Bd4 Ne5 20. Ba2 Nd3 21. Rf1 Nf4 22. Qe3 Qf7 23. Bc5 Qg6 24. g3 Nxh3+ 25. Kh2 Ng4+ 0-1


[Site "https://www.chess.com"]

[Event "Titled Tuesday Blitz December 13 Early 2022"]
[White "Pham, Khoi"]
[Black "Chigaev, Maksim"]
[WhiteFideId "1054988"]
[BlackFideId "4108116"]
[WhiteElo "2525"]
[BlackElo "2542"]
[Result "1-0"]
[Round "03"]
[TimeControl "180+1"]
[Date "2022.12.14"]
[WhiteClock "0:00:09"]
[BlackClock "0:00:06"]

1. d4 Nf6 2. c4 g6 3. Nc3 d5 4. cxd5 Nxd5 5. e4 Nxc3 6. bxc3 Bg7 7. Bc4 c5 8. Ne2 O-O 9. O-O Nc6 10. Be3 e6 11. Rb1 Qc7 12. Bb5 Na5 13. dxc5 Rd8 14. Qc2 e5 15. Rfd1 Be6 16. Nd4 Bc4 17. Bxc4 Nxc4 18. Nb5 Qc6 19. Rxd8+ Rxd8 20. Bg5 Rd7 21. Nxa7 Qxc5 22. Qa4 Nb6 23. Qb5 Qxb5 24. Nxb5 h6 25. Be3 Nc4 26. Bc5 Nd2 27. Re1 Nxe4 28. Bb4 Nd2 29. f3 f5 30. Nd6 Bf8 31. Ne8 Rg7 32. Nxg7 Bxg7 33. Rd1 Nc4 34. Rd7 g5 35. Rxb7 g4 36. a4 e4 37. fxe4 fxe4 38. Kf1 Ne3+ 39. Ke2 Nxg2 40. a5 1-0


[Site "https://www.chess.com"]

[Event "Titled Tuesday Blitz December 13 Early 2022"]
[White "Pichot, Alan"]
[Black "Szpar, Milosz"]
[WhiteFideId "110973"]
[BlackFideId "1184989"]
[WhiteElo "2561"]
[BlackElo "2455"]
[Result "1-0"]
[Round "03"]
[TimeControl "180+1"]
[Date "2022.12.13"]
[WhiteClock "0:00:26"]
[BlackClock "0:00:01"]

1. Nf3 d5 2. e3 Nf6 3. c4 c6 4. b3 Bf5 5. Bb2 h6 6. Be2 e6 7. O-O Nbd7 8. d3 Bh7 9. Nbd2 Be7 10. a3 a5 11. Rc1 O-O 12. Rc2 b5 13. cxb5 cxb5 14. Qa1 Qb6 15. Rfc1 Nc5 16. Ne5 Na6 17. Nc6 Qb7 18. Nxa5 Qd7 19. Nc6 Nb4 20. Nxe7+ Qxe7 21. Rc7 Qd8 22. Qb1 Na6 23. R7c6 Nd7 24. b4 Nb6 25. Qc2 Nc4 26. Nxc4 bxc4 27. Qc3 d4 28. Qxc4 dxe3 29. Rxa6 Rxa6 30. Qxa6 exf2+ 31. Kxf2 Qh4+ 32. Kg1 Qf4 33. Qb6 e5 34. Qf2 Qg5 35. Bf1 Bg6 36. h4 Qe7 37. Re1 f6 38. d4 e4 39. d5 Qd7 40. Bc4 Rc8 41. Bb3 Qg4 42. d6+ Kh7 43. Bd4 Qd7 44. Bc5 h5 45. Qf4 Re8 46. Bd5 Qb5 47. Bxe4 Rxe4 48. Rxe4 Qd3 49. Re3 Qd1+ 50. Kh2 Qd5 51. Qd4 Qf5 52. d7 Qxd7 53. Qxd7 1-0


[Site "https://www.chess.com"]

[Event "Titled Tuesday Blitz December 13 Early 2022"]
[White "Postnikov, Artem"]
[Black "Prieto Aranguren, Alain"]
[WhiteFideId "34153575"]
[BlackFideId "2268906"]
[WhiteElo "2243"]
[BlackElo "2209"]
[Result "1-0"]
[Round "03"]
[TimeControl "180+1"]
[Date "2022.12.14"]
[WhiteClock "0:00:45"]
[BlackClock "0:01:19"]

1. d4 d5 2. c4 c6 3. Nf3 Nf6 4. e3 g6 5. Nc3 Bg7 6. Be2 O-O 7. O-O Na6 8. cxd5 Nxd5 9. Qb3 Nxc3 10. bxc3 c5 11. Ba3 cxd4 12. cxd4 Nc7 13. Rac1 b6 14. Ne5 Bb7 15. Nc6 Bxc6 16. Rxc6 Nd5 17. Rfc1 Qd7 18. Bf3 Rfd8 19. Bxd5 Qxd5 20. Bxe7 Qxb3 21. axb3 Re8 22. Bd6 Bf8 23. Bxf8 Kxf8 24. Rc7 Re7 25. Kf1 a5 26. Rxe7 Kxe7 27. Rc7+ Kd6 28. Rc3 b5 29. Ke2 f5 30. Kd3 a4 31. bxa4 bxa4 32. Ra3 Kd5 33. f3 Rb8 34. e4+ fxe4+ 35. fxe4+ Ke6 36. Rxa4 Rb2 37. Ra6+ Kf7 38. d5 Rxg2 39. e5 Rxh2 40. Ra7+ Ke8 41. e6 Rb2 42. d6 Kf8 43. Ra8+ Kg7 44. e7 1-0


[Site "https://www.chess.com"]

[Event "Titled Tuesday Blitz December 13 Early 2022"]
[White "Postnikov, Daniil"]
[Black "Baches Garcia, Guillermo"]
[WhiteFideId "4166329"]
[BlackFideId "2209764"]
[WhiteElo "2261"]
[BlackElo "2461"]
[Result "1/2-1/2"]
[Round "03"]
[TimeControl "180+1"]
[Date "2022.12.14"]
[WhiteClock "0:00:08"]
[BlackClock "0:00:05"]

1. e4 c5 2. a3 g6 3. h4 h5 4. Bc4 Bg7 5. Nf3 Nc6 6. Nc3 Nf6 7. d3 d6 8. Ng5 O-O 9. Ba2 Nd4 10. Ne2 Ne6 11. Nxe6 Bxe6 12. Bxe6 fxe6 13. Nf4 Kf7 14. f3 Qd7 15. Qe2 e5 16. Nh3 Kg8 17. Be3 b5 18. Ng5 Nh7 19. Nxh7 Kxh7 20. g4 Rf7 21. gxh5 gxh5 22. Rg1 Qh3 23. O-O-O Qxf3 24. Qd2 Raf8 25. Kb1 a5 26. Rg5 Bh6 27. Rc1 Bxg5 28. Bxg5 b4 29. a4 Qg4 30. Be3 Rf1 31. Ka2 Qe6+ 32. b3 Rxc1 33. Qxc1 Qg4 34. Qe1 Rf3 35. Bc1 Qg2 36. Kb1 Qf2 37. Qd1 Qf1 38. Qd2 Rf4 39. Kb2 Kg6 40. Qh2 Rf2 41. Qg3+ Kh7 42. Qg5 Qxd3 43. Qxe7+ Kg8 44. Qe8+ Kg7 45. Qe7+ Kg8 46. Qe8+ Kg7 47. Qd7+ Kg8 48. Qd8+ Kg7 49. Qg5+ Kf8 50. Qh6+ Kg8 51. Qg6+ Kh8 52. Qxh5+ Kg8 53. Qg6+ Kh8 54. Qe8+ Kg7 1/2-1/2


[Site "https://www.chess.com"]

[Event "Titled Tuesday Blitz December 13 Early 2022"]
[White "Pranesh M"]
[Black "Morefield, Jason"]
[WhiteFideId "35028600"]
[BlackFideId "30920825"]
[WhiteElo "2403"]
[BlackElo "2171"]
[Result "0-1"]
[Round "03"]
[TimeControl "180+1"]
[Date "2022.12.13"]
[WhiteClock "0:00:19"]
[BlackClock "0:00:16"]

1. e4 e5 2. Nf3 Nc6 3. Bb5 Nf6 4. d3 Bc5 5. c3 O-O 6. O-O d5 7. Nbd2 Bg4 8. h3 Bh5 9. exd5 Qxd5 10. Bc4 Qd7 11. b4 Bd6 12. Re1 Rad8 13. Nf1 e4 14. dxe4 Bh2+ 15. Kxh2 Qxd1 16. Rxd1 Rxd1 17. Be2 Bxf3 18. gxf3 Re1 19. Ng3 Rd8 20. a4 h5 21. h4 Ne5 22. Bb2 Rxe2 23. Nxe2 Rd2 24. Bc1 Rxe2 25. Be3 Nxf3+ 26. Kg3 Nd2 27. e5 Nfe4+ 28. Kg2 Nxc3 29. Bxa7 Nd5 30. a5 Nxb4 31. Rc1 c6 32. Rc3 Rxe5 33. Bc5 Na6 34. Bd4 Rd5 35. Be3 Ne4 36. Rc4 Nd6 37. Rc2 Rxa5 38. Bf4 Rd5 39. Re2 f6 40. Re7 Nc5 41. Bg3 Nf5 42. Re8+ Kf7 43. Re1 Nxg3 44. Kxg3 b5 45. Kf3 b4 46. Rc1 b3 47. Rb1 Rd4 48. Ke2 Rb4 49. Kd2 Ne6 50. Kc3 c5 51. f3 b2 52. Kd3 Kg6 53. Kc3 Kf5 54. Rxb2 Rxb2 55. Kxb2 Kf4 56. Kc3 Kxf3 57. Kc4 f5 58. Kd5 f4 59. Kxe6 Kg4 60. Ke5 f3 61. Ke6 f2 62. Kf7 f1=Q+ 63. Kg6 Qf5+ 64. Kxg7 Qe6 65. Kh8 Qe7 66. Kg8 Kf5 67. Kh8 Kg6 0-1


[Site "https://www.chess.com"]

[Event "Titled Tuesday Blitz December 13 Early 2022"]
[White "Putri, Regita Desyari"]
[Black "Derraugh, Geordie"]
[WhiteFideId "7109083"]
[BlackFideId "2603950"]
[WhiteElo "1930"]
[BlackElo "2082"]
[Result "1-0"]
[Round "03"]
[TimeControl "180+1"]
[Date "2022.12.14"]
[WhiteClock "0:00:05"]
[BlackClock "0:00:03"]

1. d4 Nf6 2. c4 e6 3. Nf3 c5 4. Nc3 cxd4 5. Nxd4 d5 6. cxd5 Nxd5 7. e4 Nxc3 8. bxc3 Be7 9. Bb5+ Bd7 10. O-O O-O 11. a4 a6 12. Bd3 Nc6 13. Be3 Ne5 14. Be2 Qc7 15. Qb3 Rfc8 16. Rfc1 Rab8 17. a5 Nc4 18. Bxc4 Qxc4 19. Qb2 Bf8 20. Bf4 Ra8 21. Qxb7 Be8 22. Qb3 Qd3 23. Qc2 Qc4 24. Qe2 Qc5 25. Nb3 Qe7 26. c4 e5 27. Be3 Qe6 28. Nd2 Bb4 29. c5 Bb5 30. Qf3 Rd8 31. Nf1 Rac8 32. Ng3 g6 33. h4 Rd7 34. h5 Rdc7 35. h6 Bxc5 36. Bxc5 Rxc5 37. Rxc5 Rxc5 38. Qe3 Rc8 39. Rd1 f6 40. Qa7 Qf7 41. Qb6 Qe7 42. Rd6 Kf7 43. Kh2 Qc7 44. Qxc7+ Rxc7 45. Rd2 Ke7 46. Ra2 Rc4 47. f3 Rc5 48. Kg1 Kd6 49. Kf2 Bc4 50. Rd2+ Kc6 51. Rd8 Kb5 52. Rh8 Rc7 53. Ke3 Kxa5 54. f4 Bb3 55. fxe5 fxe5 56. Ne2 Kb4 57. Rd8 a5 58. Rb8+ Ka3 59. Kd2 a4 60. Nc3 Rd7+ 61. Kc1 Rc7 62. Kd2 Bc4 63. Rb1 Bb3 64. Rc1 Kb4 65. Nd5+ Bxd5 66. Rxc7 Bxe4 67. Ra7 a3 68. Ke3 Bxg2 69. Rxh7 a2 70. Ra7 Bd5 71. h7 Kb3 72. h8=Q 1-0


[Site "https://www.chess.com"]

[Event "Titled Tuesday Blitz December 13 Early 2022"]
[White "Rakhmanov, Aleksandr"]
[Black "Jobava, Baadur"]
[WhiteFideId "4173708"]
[BlackFideId "13601520"]
[WhiteElo "2530"]
[BlackElo "2582"]
[Result "0-1"]
[Round "03"]
[TimeControl "180+1"]
[Date "2022.12.13"]
[WhiteClock "0:00:05"]
[BlackClock "0:00:12"]

1. d4 d5 2. c4 dxc4 3. Nf3 Nf6 4. e3 Bg4 5. Bxc4 e6 6. h3 Bh5 7. Nc3 Nc6 8. O-O Bd6 9. Re1 Qe7 10. g4 Nxg4 11. hxg4 Bxg4 12. Bf1 h5 13. Bg2 h4 14. e4 h3 15. Bh1 O-O-O 16. Be3 h2+ 17. Kf1 Rh3 18. e5 Bxf3 19. Bxf3 h1=Q+ 20. Bxh1 Rxh1+ 21. Ke2 Rxe1+ 22. Qxe1 Bb4 23. Rd1 Qh4 24. f4 Qg4+ 25. Kd3 g5 26. Kc2 gxf4 27. Bf2 Qf5+ 28. Qe4 Ne7 29. a3 Bxc3 30. Qxf5 Nxf5 31. bxc3 c5 32. Kd3 cxd4 33. Bxd4 f6 34. Ke4 fxe5 35. Kxe5 f3 36. Rf1 Kc7 37. Rxf3 Rd5+ 38. Kxe6 Nxd4+ 39. cxd4 Rxd4 40. Rc3+ Kb6 41. Rb3+ Kc6 42. Rc3+ Kb6 43. Rb3+ Ka6 44. Ke5 Rd7 45. Rb4 Ka5 46. Ke4 b5 47. Ke3 Rd1 48. Rb3 a6 49. Ke2 Ra1 50. Rd3 Ra2+ 51. Kd1 Ka4 52. Rd6 a5 53. Rd5 Rxa3 54. Kc2 b4 55. Kb2 Re3 0-1


[Site "https://www.chess.com"]

[Event "Titled Tuesday Blitz December 13 Early 2022"]
[White "Rakhmatullaev, Almas"]
[Black "Sjugirov, Sanan"]
[WhiteFideId "14205793"]
[BlackFideId "4189302"]
[WhiteElo "2221"]
[BlackElo "2613"]
[Result "0-1"]
[Round "03"]
[TimeControl "180+1"]
[Date "2022.12.13"]
[WhiteClock "0:00:03"]
[BlackClock "0:00:13"]

1. e4 c5 2. c3 Nf6 3. e5 Nd5 4. d4 cxd4 5. Qxd4 e6 6. Nf3 Nc6 7. Qe4 f5 8. Qe2 Qc7 9. c4 Nde7 10. b3 Ng6 11. Bb2 Bc5 12. g3 Qa5+ 13. Nbd2 Nb4 14. Kd1 Nc6 15. a3 Qb6 16. h4 O-O 17. h5 Nge7 18. b4 a5 19. b5 Nd4 20. Nxd4 Bxd4 21. Nf3 Bxb2 22. Qxb2 f4 23. g4 d5 24. exd6 Qxd6+ 25. Ke1 b6 26. h6 e5 27. hxg7 Re8 28. c5 Qd5 29. Bg2 Bxg4 30. Nh4 f3 31. Bf1 Qe4+ 32. Kd1 Rad8+ 33. Kc1 Qe1+ 34. Kc2 Rd2+ 35. Kc3 Rd1+ 36. Kb3 Be6+ 37. Bc4 Bxc4+ 38. Kxc4 Qe4+ 39. Kb3 Qd5+ 40. Ka4 Rd4+ 41. Qxd4 Qxd4+ 42. Kb3 Qd3+ 43. Kb2 Qd2+ 44. Kb3 a4+ 45. Kxa4 Qc2+ 46. Kb4 Nd5# 0-1


[Site "https://www.chess.com"]

[Event "Titled Tuesday Blitz December 13 Early 2022"]
[White "Ramu, K."]
[Black "Krzywda, Andrzej"]
[WhiteFideId "5006171"]
[BlackFideId "1114565"]
[WhiteElo "2143"]
[BlackElo "2149"]
[Result "0-1"]
[Round "03"]
[TimeControl "180+1"]
[Date "2022.12.14"]
[WhiteClock "0:00:01"]
[BlackClock "0:00:02"]

1. e4 e5 2. Nf3 Nf6 3. Nxe5 Nxe4 4. Qe2 Qe7 5. Qxe4 d6 6. d4 dxe5 7. Qxe5 Qxe5+ 8. dxe5 Nc6 9. f3 Nxe5 10. Bf4 Bd6 11. Bg3 Bf5 12. Na3 O-O-O 13. Nb5 Rhe8 14. O-O-O a6 15. Nxd6+ Rxd6 16. Rxd6 cxd6 17. Be2 f6 18. Rd1 Rd8 19. b3 Kc7 20. Bf2 Kc6 21. h3 g5 22. Be3 Ng6 23. g4 Be6 24. Bd3 Bf7 25. Be4+ Kc7 26. Bd4 Ne5 27. c4 h6 28. h4 b6 29. hxg5 hxg5 30. Rh1 Rd7 31. Rh6 d5 32. cxd5 Bxd5 33. Rxf6 Nc6 34. Bc3 Bxe4 35. fxe4 Re7 36. Rf5 Rxe4 37. Rxg5 Re2 38. Bd2 Nd4 39. Rd5 Nf3 40. Rd3 Ne5 41. Rd5 Nxg4 42. Bf4+ Kc6 43. Rd6+ Kc5 44. Rg6 Nf2 45. Kb1 b5 46. a3 b4 47. Bd6+ Kd4 48. Bxb4 Nd3 49. Rd6+ Ke4 50. Rxd3 Kxd3 51. a4 Re6 52. a5 Re5 53. Kb2 Rb5 54. Ka3 Kc2 55. Ka4 Kb2 56. Bd6 Rxb3 57. Be5+ Ka2 0-1


[Site "https://www.chess.com"]

[Event "Titled Tuesday Blitz December 13 Early 2022"]
[White "Remizov, Yaroslav"]
[Black "Goryachkina, Aleksandra"]
[WhiteFideId "34134015"]
[BlackFideId "4147103"]
[WhiteElo "2415"]
[BlackElo "2484"]
[Result "1-0"]
[Round "03"]
[TimeControl "180+1"]
[Date "2022.12.13"]
[WhiteClock "0:01:39"]
[BlackClock "0:00:10"]

1. e4 c5 2. Nf3 e6 3. b3 Nc6 4. Bb2 Nf6 5. e5 Nd5 6. c4 Nc7 7. Be2 Be7 8. O-O O-O 9. Nc3 b6 10. Ne4 Bb7 11. Qc2 h6 12. Rad1 Na6 13. a3 Na5 14. d4 Bxe4 15. Qxe4 Nxb3 16. d5 Qc8 17. Bd3 g6 18. Bc2 Na5 19. Bc1 Kg7 20. h4 Qb7 21. h5 1-0


[Site "https://www.chess.com"]

[Event "Titled Tuesday Blitz December 13 Early 2022"]
[White "Rian, Kapriaga"]
[Black "Osinovsky, Stepan"]
[WhiteFideId "7103263"]
[BlackFideId "4157354"]
[WhiteElo "2259"]
[BlackElo "2222"]
[Result "1-0"]
[Round "03"]
[TimeControl "180+1"]
[Date "2022.12.14"]
[WhiteClock "0:00:25"]
[BlackClock "0:00:03"]

1. d4 Nf6 2. Nf3 g6 3. Bg5 c5 4. c3 Ne4 5. Be3 cxd4 6. cxd4 Qa5+ 7. Nbd2 Nc6 8. a3 Nxd2 9. Bxd2 Qb6 10. d5 Nd4 11. Nxd4 Qxd4 12. Qb3 Qb6 13. Qxb6 axb6 14. Bc3 f6 15. e4 Bg7 16. Bd4 O-O 17. Rc1 f5 18. e5 d6 19. f4 e6 20. Bc4 exd5 21. Bxd5+ Kh8 22. O-O Ra5 23. Bc4 dxe5 24. Bxb6 Ra4 25. b3 Ra8 26. fxe5 Bxe5 27. a4 Bd7 28. Bd5 Rfc8 29. Rce1 Re8 30. Rxe5 Rxe5 31. Bd4 Re8 32. Re1 Kg7 33. Rxe5 1-0


[Site "https://www.chess.com"]